 Dungeon Crawl Stone Soup version 0.23.2-1-ga50397a (webtiles) character file.

Game seed: 11599411869595896560

52 Fang the Skirmisher (level 3, -1/36 HPs)
             Began as a Gargoyle Berserker on May 10, 2019.
             Was a Believer of Trog.
             Slain by Sigmund
             ... wielding a +0 scythe
              (9 damage)
             ... on level 2 of the Dungeon.
             The game lasted 00:01:03 (1459 turns).

Fang the Skirmisher (Gargoyle Berserker)            Turns: 1459, Time: 00:01:04

Health: -1/36      AC:  5    Str: 26    XL:     3   Next: 85%
Magic:  3/3        EV: 12    Int:  7    God:    Trog [**....]
Gold:   86         SH:  0    Dex:  9    Spells: 2/2 levels left

rFire    . . .     SeeInvis .   a - +0 hand axe
rCold    . . .     Gourm    .   (no shield)
rNeg     + . .     Faith    .   b - +0 animal skin
rPois    ∞         Spirit   .   (no helmet)
rElec    +         Reflect  .   (no cloak)
rCorr    .         Harm     .   (no gloves)
MR       ++...                  (no boots)
Stlth    ..........             (no amulet)
HPRegen  1.12/turn              (no ring)
MPRegen  0.08/turn              (no ring)

@: berserking, regenerating, very quick
A: negative energy resistance 1, electricity resistance, unbreathing,
petrification resistance, rot immunity, AC +3
a: Berserk, Trog's Hand, Renounce Religion


You were on level 2 of the Dungeon.
You worshipped Trog.
Trog was pleased with you.
You were very hungry.

You visited 1 branch of the dungeon, and saw 2 of its levels.

You collected 86 gold pieces.

Inventory:

Hand Weapons
 a - a +0 hand axe (weapon)
Armour
 b - a +0 animal skin (worn)
Jewellery
 h - an uncursed ring of see invisible {unknown}
Scrolls
 d - a scroll of noise {unknown}
 g - a scroll of remove curse {unknown}
 i - a scroll of identify {unknown}
 m - 2 scrolls of amnesia {unknown}
Potions
 e - a potion of cancellation {unknown}
 j - a potion of invisibility {unknown}
 k - a potion of brilliance {unknown}
 l - 2 potions of might {unknown}
Comestibles
 c - 2 rations
 f - 2 chunks of flesh


   Skills:
 + Level 3.8 Fighting
 + Level 3.1 Axes
 + Level 2.9 Armour
 + Level 2.1 Dodging


You had 2 spell levels left.
You didn't know any spells.
Your spell library was empty.

Dungeon Overview and Level Annotations

Branches:
Dungeon (2/15)

Altars:
Sif Muna

Annotations:
D:2 Sigmund


Innate Abilities, Weirdness & Mutations

You are resistant to torment.
Your stone body is resilient. (AC +3)
You are immune to poison.
You resist negative energy. (rN+)
You are resistant to electric shocks. (rElec)
You can survive without breathing.
You are immune to petrification.
You are immune to rotting.


Message History

Sigmund points at you and mumbles some strange words.
The magic dart hits you.
A jackal comes into view.
You are too injured to fight recklessly!
You are too injured to fight recklessly!
A jackal comes into view.
The jackal barks!
A jackal comes into view.
Found a ration.
Your skin crawls.
You feel resistant to hostile enchantments.
You feel somewhat more hungry.
The jackal barks!
Sigmund hits you from afar with a +0 scythe.
* * * LOW HITPOINT WARNING * * *
A red film seems to cover your vision as you go berserk!
You feel yourself moving faster!
You feel mighty!
You are feeling very hungry.
Sigmund hits you from afar with a +0 scythe!
You die...

..... ##...##
#.....#
###.....##
......... ##.
#....#
.....####...#
..h.h@.@....#
%..h.####...#
### +## #.#.#
#.. ...#.#
#.# ..####.#
#.# ## ##.##
#.# #...# #.#
# #...# #..
#. #...# #..


You could see Sigmund and 3 jackals.

Vanquished Creatures
  An adder (D:2)
  An adder zombie (D:1)
  2 dart slugs (D:2)
  2 leopard geckos
  3 bats
  A bat zombie (D:1)
  3 giant cockroaches
  5 hobgoblins
  2 kobolds (D:2)
  4 frilled lizards
  6 goblins
  3 rats
33 creatures vanquished.

Notes
Turn   | Place    | Note
-------+----------+-------------------------------------------
     0 | D:1      | Fang the Gargoyle Berserker began the quest for the Orb.
     0 | D:1      | Reached XP level 1. HP: 14/14 MP: 1/1
    64 | D:1      | Reached XP level 2. HP: 11/19 MP: 2/2
   410 | D:1      | Reached XP level 3. HP: 10/23 MP: 3/3
  1026 | D:2      | Reached ** piety under Trog
  1110 | D:2      | Found a deep blue altar of Sif Muna.
  1454 | D:2      | Noticed Sigmund
  1459 | D:2      | Slain by Sigmund

Skill      XL: |  1  2  3 |
---------------+----------+-----
Axes           | 3 |  3.1
Dodging        | 2 |  2.1
Fighting       | |  3.8
Armour         | |  2.9

Action                   || total
-------------------------++-------
Melee: Hand axe          ||   114
Invok: Berserk           ||     1
       Trog's Hand       ||     1
 Stab: Sleeping          ||     1
  Eat: Chunk             ||     2
Armor: Animal skin       ||    33
Dodge: Dodged            ||    96
